Map: New Repugnancy LE

Players

Doaa - Winner!

  • Race: Terran Terran
  • Spawn Location: 7:00

Saito

  • Race: Zerg Zerg
  • Spawn Location: 1:00

VOD

Have the link to the VOD?

Description

Time

  • Played on: June 14, 2019, 8:32 a.m.
  • Length: 16:56
Show
View Real Time Build Order
Export as new Build Order

Doaa Terran - Winner!

Build Orders:  

Get SALT Encoding   

  12  0:01  SCV  
  13  0:20  Supply Depot  
  14  0:21  SCV  
  14  0:33  SCV  
  15  0:45  SCV  
  15  0:48  Refinery  
  16  0:57  SCV  
  17  1:09  SCV  
  18  1:12  Refinery  
  18  1:22  SCV  
  18  1:24  Barracks  
  19  1:34  SCV  
  20  1:46  SCV  
  21  1:51  Supply Depot  
  21  1:58  SCV  
  22  2:10  SCV  
  22  2:13  Reaper  
  22  2:15  Bunker  
  24  2:18  Supply Depot  
  24  2:20  Bunker  
  24  2:22  SCV  
  25  2:34  Factory  
  26  2:39  Orbital Command  
  25  2:45  Reaper  
  25  3:17  SCV  
  25  3:18  Reaper  
  27  3:24  Barracks  
  27  3:25  Factory Tech Lab  
  27  3:29  SCV  
  28  3:41  SCV  
  28  3:50  Reaper  
  28  3:53  SCV  
  29  4:05  SCV  
  30  4:19  Command Center, Refinery  
  31  4:27  Barracks Tech Lab, Starport  
  27  4:48  Marine  
  27  4:52  Hellion  
  30  4:58  Supply Depot  
  30  5:01  SCV  
  30  5:06  Marine  
  32  5:13  SCV  
  32  5:14  Hellion  
  35  5:24  Marine  
  35  5:26  SCV  
  37  5:35  Hellion  
  39  5:38  SCV  
  39  5:41  Marine  
  41  5:45  SCV  
  42  5:54  Refinery  
  42  5:57  SCV  
  42  5:58  Starport Tech Lab  
  42  5:59  Marine  
  44  6:09  SCV  
  45  6:11  Bunker  
  45  6:21  SCV  
  45  6:24  Barracks Reactor  
  46  6:31  Engineering Bay  
  46  6:33  SCV  
  46  6:38  Armory  
  47  6:48  Orbital Command  
  47  6:53  Cyclone  
  50  6:57  Engineering Bay  
  50  6:58  Marauder  
  50  7:01  Medivac  
  54  7:14  Sensor Tower  
  54  7:19  Marauder  
  54  7:20  SCV  
  57  7:25  Cyclone  
  57  7:27  Armory  
  60  7:31  Medivac  
  60  7:33  Missile Turret  
  62  7:55  Supply Depot  
  62  7:57  Terran Infantry Weapons Level 1, Terran Infantry Armor Level 1  
  62  8:08  Supply Depot  
  62  8:16  Siege Tank, Medivac, SCV  
  62  8:17  Marauder  
  70  8:28  SCV  
  70  8:31  Supply Depot  
  71  8:41  SCV  
  72  8:43  Terran Vehicle Weapons Level 1  
  72  8:46  Terran Ship Weapons Level 1, Viking  
  74  8:48  Siege Tank  
  77  9:16  Viking  
  79  9:18  Starport  
  77  9:45  Hellion  
  70  9:46  Marine x2  
  70  9:47  Marine  
  67  9:59  Infernal Pre-Igniter  
  67  10:01  Stimpack  
  67  10:04  Starport Tech Lab, Marine x3  
  67  10:06  Hellion  
  72  10:07  Factory  
  72  10:14  Refinery  
  72  10:15  SCV  
  73  10:22  Marine  
  73  10:23  Command Center  
  73  10:26  Refinery  
  73  10:27  SCV  
  73  10:28  Hellion, Refinery  
  77  10:39  SCV  
  77  10:41  Marine x3  
  81  10:52  Factory Tech Lab  
  81  10:56  Supply Depot  
  81  10:57  SCV  
  81  10:59  Marine x3  
  85  11:09  SCV  
  86  11:17  Marine x3  
  89  11:19  Supply Depot  
  89  11:22  SCV  
  88  11:33  Fusion Core  
  88  11:35  Marine x3  
  87  11:47  Planetary Fortress  
  87  11:53  Marine  
  87  12:02  Combat Shield  
  87  12:07  SCV  
  87  12:08  SCV  
  89  12:19  SCV  
  89  12:20  SCV  
  91  12:32  SCV x2  
  91  12:34  SCV  
  94  12:44  SCV x2  
  96  12:46  SCV  
  97  12:56  SCV x2  
  97  12:58  SCV  
  100  13:10  SCV  
  101  13:14  Supply Depot  
  101  13:21  Concussive Shells  
  101  13:22  SCV  
  102  13:29  Missile Turret  
  102  13:31  Weapon Refit  
  102  13:34  SCV  
  102  13:37  Supply Depot  
  103  13:42  Terran Infantry Weapons Level 2  
  103  13:43  Terran Infantry Armor Level 2  
  103  13:46  Terran Vehicle Weapons Level 2, SCV  
  104  13:54  Terran Ship Weapons Level 2  
  102  14:36  SCV  
  106  14:45  Cyclone x2  
  106  14:51  Battlecruiser x2  
  121  14:55  Marine x3  
  124  15:13  Marine x3  
  127  15:16  Command Center  
  127  15:17  Cyclone  
  127  15:18  Cyclone  
  133  15:25  Refinery  
  133  15:27  Refinery  
  133  15:29  Supply Depot x2  
  133  15:31  Marine x3  
  128  15:48  Marine  
  128  15:49  Marine x2  
  124  15:50  Siege Tank, Cyclone  
  124  15:53  Supply Depot  
  114  16:07  Marine  
  115  16:22  Siege Tank  
  124  16:31  SCV  
  125  16:43  SCV  
Show
View Real Time Build Order
Export as new Build Order

Saito Zerg 

Build Orders: Pool First 

Get SALT Encoding   

  12  0:10  Drone  
  12  0:12  Overlord  
  13  0:21  Drone  
  14  0:31  Drone  
  15  0:37  Drone  
  16  0:43  Drone  
  17  0:51  Spawning Pool  
  17  0:54  Drone  
  17  0:58  Extractor  
  17  1:04  Drone  
  17  1:19  Drone  
  19  1:25  Drone  
  19  1:37  Queen  
  21  1:41  Overlord  
  21  1:57  Drone  
  22  2:11  Zergling x4  
  24  2:20  Evolution Chamber  
  22  3:09  Zergling x2  
  22  3:10  Zergling x4  
  25  3:17  Metabolic Boost  
  25  3:20  Zerg Missile Weapons Level 1  
  25  3:23  Drone  
  24  3:50  Roach Warren  
  24  3:51  Zergling x6  
  24  3:52  Zergling x2  
  24  4:41  Roach  
  24  4:42  Roach x2  
  30  4:52  Overlord x3  
  30  4:53  Overlord  
  30  5:11  Drone  
  31  5:30  Lair  
  31  5:39  Overlord x3  
  31  5:51  Hatchery  
  30  6:01  Roach x3  
  36  6:14  Zergling x2  
  36  6:15  Zergling x6  
  40  6:28  Queen  
  42  6:49  Roach  
  42  6:50  Roach x4  
  52  7:02  Extractor  
  51  7:11  Drone  
  52  7:16  Roach  
  52  7:17  Roach x4  
  62  7:24  Zerg Missile Weapons Level 2  
  62  7:40  Roach x4  
  63  7:58  Zergling x4  
  64  7:59  Zergling x8  
  69  8:17  Zergling x2  
  69  8:18  Zergling x8  
  74  8:22  Glial Reconstitution  
  74  8:31  Roach  
  74  8:32  Roach x4  
  84  9:03  Roach x4  
  92  9:11  Overlord  
  92  9:12  Overlord x6  
  65  10:08  Infestation Pit  
  65  10:13  Zergling x6, Spire  
  65  10:14  Zergling x4  
  68  10:18  Zergling x8  
  68  10:19  Zergling x4  
  67  12:04  Zergling x2  
  67  12:05  Zergling x16  
  76  12:16  Mutalisk  
  76  12:17  Mutalisk x8  
  94  12:45  Mutalisk  
  94  12:46  Mutalisk  
  98  12:53  Drone x2  
  100  12:58  Zergling x2  
  100  13:02  Zergling x2  
  102  13:25  Drone x5  
  107  13:55  Hatchery  
  91  14:28  Mutalisk x5  
  101  14:35  Mutalisk  
  103  15:00  Mutalisk  
  105  15:12  Drone  
  106  15:18  Drone  
  106  15:19  Drone x7  
  114  15:27  Extractor  
  113  15:28  Drone  
  113  15:29  Drone x2  
  116  15:36  Extractor  
  37  16:24  Drone x3  
  40  16:27  Extractor  
  40  16:32  Drone x7  
Tags
 
Add a new tag
Caveats
  • Supply blocks, unpowered buildings, or Contaminate may cause inaccurate times.
  • Supply counts are checked every 10 seconds.